 Dungeon Crawl Stone Soup version 0.30-a0-859-gf88a04b62d (webtiles) character file.

Game seed: 8341795816392952579

88 BigDaddyOpFi the Chopper (level 4, -11/61 HPs)
             Began as a Hill Orc Monk on Mar 6, 2023.
             Blown up by Ijyb (17 damage)
             ... with a mindburst bolt
             ... on level 3 of the Dungeon.
             The game lasted 00:02:27 (2061 turns).

BigDaddyOpFi the Chopper (Hill Orc Monk)            Turns: 2061, Time: 00:02:27

Health: -11/61     AC: 11    Str: 14 (15) XL:     4   Next: 53%
Magic:  4/4        EV: 11    Int:  7 (10) God:
Gold:   189        SH:  0    Dex: 12 (13) Spells: 3/3 levels left

rFire   . . .      SeeInvis .    r - +2 hand axe (freeze)
rCold   . . .      Faith    .    (no shield)
rNeg    . . .      Spirit   .    j - +0 ring mail
rPois   .          Reflect  .    (no helmet)
rElec   .          Rampage  .    (no cloak)
rCorr   .                        q - +2 pair of gloves
Will    .....                    f - +2 pair of boots Stlth
                                 (no amulet)
HPRegen 0.30/turn                l - ring of flight
MPRegen 0.09/turn                (no ring)

@: berserking, flying, very quick
A: no striking features
a: no special abilities


You were on level 3 of the Dungeon.
You visited 1 branch of the dungeon, and saw 3 of its levels.

You collected 189 gold pieces.

Inventory:

Hand Weapons
 a - a +0 hand axe
 c - a +2 dagger of electrocution
 r - a +2 hand axe of freezing (weapon)
Missiles
 b - a throwing net (quivered)
Armour
 f - a +2 pair of boots (worn)
 j - a +0 ring mail (worn)
 q - a +2 pair of gloves (worn)
Jewellery
 l - a ring of flight (left hand)
Scrolls
 d - 4 scrolls of identify
 e - a scroll of amnesia
 g - a scroll of noise
Potions
 h - a potion of curing
 i - a potion of heal wounds {unknown}
 k - a potion of flight {unknown}
 n - 2 potions of berserk rage
 o - a potion of attraction {unknown}
 p - a potion of magic {unknown}


   Skills:
 + Level 4.4 Fighting
 + Level 4.8 Axes
 + Level 3.0 Dodging
 + Level 2.4 Stealth


You had 3 spell levels left.
You didn't know any spells.
Your spell library contained the following spells:

 Spells                   Type           Power      Damage    Failure   Level
 Freeze                   Ice            0%         1d3       67%         1
 Lesser Beckoning         Tloc           0%         N/A       82%         2
 Frozen Ramparts          Ice            0%         1d1       96%         3
 Gell's Gravitas          Tloc           0%         N/A       96%         3
 Hailstorm                Conj/Ice       0%         3d3       96%         3
 Teleport Other           Tloc           0%         N/A       96%         3


Dungeon Overview and Level Annotations

Branches:
Dungeon (3/15)

Altars:
Makhleb
Uskayaw

Shops:
D:1 *   D:2 [

Annotations:
D:3 Ijyb


Message History

Ijyb screams, "Me very upset!"
Ijyb closely misses you.
It was a potion of berserk rage.
A red film seems to cover your vision as you go berserk!
You feel yourself moving faster!
You feel mighty! Ijyb hits you but does no damage.
You hit Ijyb. You freeze Ijyb.
Ijyb is moderately wounded.
Ijyb hits you but does no damage.
You closely miss Ijyb.
Ijyb is moderately wounded.
You hit Ijyb. You freeze Ijyb.
Ijyb is severely wounded.
Ijyb hits you with a +0 dagger.
* * * LOW HITPOINT WARNING * * *
You barely miss Ijyb.
Ijyb is severely wounded.
Ijyb zaps a wand.
Your mind is blasted!
* * * LOW HITPOINT WARNING * * *
You barely miss Ijyb.
Ijyb is severely wounded.
You hit Ijyb. You freeze Ijyb.
Ijyb is almost dead.
Ijyb hits you with a +0 dagger.
* * * LOW HITPOINT WARNING * * *
You barely miss Ijyb.
Ijyb is almost dead.
Ijyb completely misses you.
You closely miss Ijyb.
Ijyb is almost dead.
You closely miss Ijyb.
Ijyb is almost dead.
Ijyb closely misses you.
You closely miss Ijyb.
Ijyb is almost dead.
Ijyb zaps a wand.
You barely resist. You closely miss Ijyb.
Ijyb is almost dead.
Ijyb zaps a wand.
Your mind is blasted!
You die...

.......... ####...... ..
#...... ) # #....# #. .
###8..8###.### ##.
~~~8..8...... ...# ##
≈≈~~..~###.###.#.# ##~~~
≈≈≈≈..~~~~.....#g#.~~~≈≈
~~≈≈..≈≈≈~~~~###@~~~≈≈≈≈
#~~~..≈≈≈≈≈≈~~~~~≈≈≈≈≈~~
###~..~~~≈≈≈≈≈≈≈≈≈≈≈~~~#
#8..8#~~~~≈≈≈≈≈~~~~###
#8..8###.~~~~~~~..##
#....##..#..........
#....#..#######...###
##.....## #.## #######
.#


You could see Ijyb.

Vanquished Creatures
  3 adders
  2 worms
  2 orcs (D:3)
  8 bats
  5 endoplasms
  4 giant cockroaches
  5 goblins
  A hobgoblin (D:1)
  2 quokkas (D:1)
  7 ball pythons
  4 frilled lizards (D:1)
  3 kobolds
  3 rats
49 creatures vanquished.

Notes
Turn   | Place    | Note
-------+----------+-------------------------------------------
     0 | D:1      | BigDaddyOpFi the Hill Orc Monk began the quest for the Orb.
     0 | D:1      | Reached XP level 1. HP: 19/19 MP: 1/1
   190 | D:1      | Reached XP level 2. HP: 15/27 MP: 2/2
   452 | D:1      | Reached XP level 3. HP: 31/33 MP: 3/3
   717 | D:1      | Found Elloq's Assorted Antiques.
  1233 | D:2      | Found a faded altar of an unknown god.
  1444 | D:2      | Found Coske's Armour Boutique.
  1624 | D:3      | Found a hide-covered altar of Uskayaw.
  1632 | D:3      | Reached XP level 4. HP: 36/40 MP: 4/4
  1747 | D:3      | Found a burning altar of Makhleb.
  2044 | D:3      | Noticed Ijyb
  2061 | D:3      | Blown up by Ijyb

Illustrated notes

Levels and vault maps discovered:
D:1:      saegor_arrival_simple_d, layout_basic, serial_shops,
          nicolae_lakefront_shop, chequers_serial_rivers_small_b
D:2:      layout_basic, ebering_ecumenical_altar_mist, serial_shops,
          nicolae_lakefront_shop, kennysheep_generic_room_13
D:3:      wander_river, layout_loops_corners,
          mainiacjoe_overflow_small_starburst, mainiacjoe_overflow_brackets,
          uniq_sigmund, uniq_ijyb

Skill      XL: |  1  2  3  4 |
---------------+-------------+-----
Stealth        | 2 |  2.4
Fighting       | 4 |  4.4
Dodging        | 3 |  3.0
Axes           | |  4.8

Action                     |  1- 3 |  4- 6 || total
---------------------------+-------+-------++-------
  Melee: Hand axe          |   102 |    49 ||   151
         Punch             |     4 |     1 ||     5
    Use: Potion            |     4 |     2 ||     6
         Scroll            |     2 |       ||     2
   Stab: Sleeping          |     4 |       ||     4
 Armour: Robe              |     5 |       ||     5
         Ring mail         |    14 |    22 ||    36
  Dodge: Dodged            |    66 |    19 ||    85

Table legend: (Time is in decaauts)
 A = Elapsed time spent in this place.
 B = Non-inter-level travel time spent in this place.
 C = Inter-level travel time spent in this place.
 D = Time resting spent in this place.
 E = Time spent auto-exploring this place.
 F = Levels seen in this place.
 G = Mean time per level.
                   A        B        C        D        E       F      G
               +--------+--------+--------+--------+--------+-----+--------+
         Total |   2068 |   2025 |     43 |      0 |   1605 |   3 |  689.3 |
       Dungeon |   2068 |   2025 |     43 |      0 |   1605 |   3 |  689.3 |
               +--------+--------+--------+--------+--------+-----+--------+

Top non-repeatable levels by time:
     D:2: 796 daAuts
     D:1: 761 daAuts
     D:3: 510 daAuts
